 Dungeon Crawl Stone Soup version 0.21.0 (webtiles) character file.

1120 MTVSty1e the Skirmisher (level 8, -1/65 HPs)
             Began as a Formicid Monk on Jan 7, 2018.
             Slain by a bullfrog (4 damage)
             ... on level 6 of the Dungeon.
             The game lasted 00:10:44 (5189 turns).

MTVSty1e the Skirmisher (Formicid Monk)             Turns: 5189, Time: 00:10:44

Health: -1/65      AC: 11    Str: 18    XL:     8   Next: 60%
Magic:  8/8        EV: 11    Int: 15    God:
Gold:   207        SH:  0    Dex: 18    Spells: 7/7 levels left

rFire    . . .     SeeInvis +   g - +1 scythe (flame)
rCold    . . .     Gourm    .   (no shield)
rNeg     . . .     Faith    .   s - +1 plate armour
rPois    .         Spirit   .   (helmet unavailable)
rElec    .         Reflect  .   (no cloak)
rCorr    .         Harm     .   (no gloves)
MR       .....                  (no boots)
Stlth    ..........             (no amulet)
HPRegen  0.20/turn              q - +5 ring of intelligence
MPRegen  0.11/turn              (no ring)

@: agile
A: permanent stasis, dig shafts and tunnels, four strong arms, antennae 3
a: Dig, Shaft Self


You were on level 6 of the Dungeon.
You were not hungry.

You visited 1 branch of the dungeon, and saw 6 of its levels.

You collected 207 gold pieces.

Inventory:

Hand Weapons
 a - a +0 hand axe
 g - a +1 scythe of flaming (weapon)
Armour
 s - a +1 plate armour (worn)
Jewellery
 q - a +5 ring of intelligence (left hand)
Wands
 i - a wand of scattershot (7)
Scrolls
 d - a scroll of amnesia
 p - 4 scrolls of remove curse
 r - 3 scrolls of identify
Potions
 e - a potion of flight
 n - a potion of curing
 o - a potion of invisibility {unknown}
Comestibles
 c - 5 rations


   Skills:
 + Level 6.8 Fighting
 - Level 5.3(6.7) Axes
 * Level 6.3(7.2) Polearms
 - Level 2.6 Dodging
 - Level 2.4 Stealth


You had 7 spell levels left.
You didn't know any spells.

Dungeon Overview and Level Annotations

Branches:
Dungeon (6/15)
 Temple: D:4-7

Altars:
Ashenzari
Sif Muna
Trog
The Shining One

Annotations:
D:6 Menkaure


Innate Abilities, Weirdness & Mutations

You cannot be hasted, slowed, berserked, paralysed or teleported.
You can dig through walls and to a lower floor.
Your four strong arms can wield two-handed weapons with a shield.
You have a pair of large antennae on your head. (SInv)


Message History

Menkaure hits you but does no damage.
You hit Menkaure. You burn Menkaure.
Menkaure is heavily damaged.
Menkaure calls on the powers of darkness!
The bullfrog convulses!
Your body is wracked with pain!
* * * LOW HITPOINT WARNING * * *
The bullfrog convulses!
Menkaure hits you but does no damage.
A bullfrog comes into view.
Menkaure calls on the powers of darkness!
The bullfrog convulses!
Your body is wracked with pain!
* * * LOW HITPOINT WARNING * * *
The bullfrog convulses!
Menkaure calls on the powers of darkness!
The bullfrog convulses!
Your body is wracked with pain!
* * * LOW HITPOINT WARNING * * *
Menkaure calls on the powers of darkness!
The bullfrog convulses!
Your body is wracked with pain!
* * * LOW HITPOINT WARNING * * *
The bullfrog hits you.
You die...

#.......##.#
#>.........#
#.......##.#
####.#####.# ..
#.##....# ..
#.##.##.# F.
#:##.##.##########
.#
#.....(.##.......#
.#
####.####...@F.#.#
.#
#.......#...#.####.#
#######.##..MF.....#
#.#####.######
#.......# #########


You could see Menkaure and 2 bullfrogs.

Vanquished Creatures
  Sigmund (D:2)
  An ice beast (D:5)
  The ghost of MTVSty1e the Chopper, an amateur MiMo (D:3)
  A phantom (D:6)
  2 ogres (D:4)
  A scorpion (D:4)
  A howler monkey (D:4)
  2 crimson imps (D:5)
  An orc priest (D:4)
  A bullfrog skeleton (D:5)
  An orc wizard (D:4)
  5 worker ants
  2 adders
  A shadow imp (D:5)
  An adder skeleton (D:3)
  3 worms
  3 dart slugs
  6 leopard geckos
  16 orcs
  6 giant cockroaches
  5 hobgoblins
  17 jackals
  4 quokkas
  10 bats
  9 frilled lizards
  4 goblins
  2 kobolds
  5 rats
112 creatures vanquished.

Vanquished Creatures (others)
  A wizard (D:4)
1 creature vanquished.

Grand Total: 113 creatures vanquished

Notes
Turn   | Place    | Note
-------+----------+-------------------------------------------
     0 | D:1      | MTVSty1e the Formicid Monk began the quest for the Orb.
     0 | D:1      | Reached XP level 1. HP: 18/18 MP: 1/1
   159 | D:1      | Reached XP level 2. HP: 24/24 MP: 2/2
   856 | D:2      | Noticed Sigmund
   872 | D:2      | Killed Sigmund
   872 | D:2      | Reached skill level 5 in Axes
   872 | D:2      | Reached XP level 3. HP: 19/31 MP: 3/3
   872 | D:2      | Reached XP level 4. HP: 24/38 MP: 4/4
   872 | D:2      | Reached XP level 5. HP: 27/43 MP: 5/5
   978 | D:2      | Found a shattered altar of Ashenzari.
  1335 | D:2      | Reached XP level 6. HP: 45/49 MP: 6/6
  1530 | D:3      | Noticed MTVSty1e's ghost (amateur MiMo)
  1536 | D:3      | Killed MTVSty1e's ghost
  1536 | D:3      | Reached skill level 5 in Fighting
  2037 | D:3      | Found a deep blue altar of Sif Muna.
  2199 | D:3      | You fall through a shaft for 3 floors!
  2214 | D:6      | Found a glowing golden altar of the Shining One.
  2461 | D:5      | Entered Level 5 of the Dungeon
  2521 | D:4      | Reached XP level 7. HP: 36/56 MP: 7/7
  3177 | D:4      | Reached XP level 8. HP: 12/64 MP: 8/8
  3445 | D:4      | Found a bloodstained altar of Trog.
  3448 | D:4      | Noticed a wizard
  3453 | D:4      | Killed a wizard
  3824 | D:5      | Reached skill level 5 in Polearms
  3832 | D:4      | HP: 1/65 [worker ant (3)]
  5174 | D:6      | Noticed Menkaure
  5188 | D:6      | HP: 3/65 [??? (1)]
  5189 | D:6      | Slain by a bullfrog

Skill      XL: |  1  2  3  4  5  6  7  8 |
---------------+-------------------------+-----
Fighting       | 4 5 6 |  6.8
Axes           | 5 |  5.3
Polearms       | 3 4 6 |  6.3
Dodging        | |  2.6
Stealth        | |  2.4

Action                   |  1- 3 |  4- 6 |  7- 9 || total
-------------------------+-------+-------+-------++-------
Melee: Hand axe          |    48 |    38 |       ||    86
       Scythe            |       |    91 |   166 ||   257
  Use: Potion            |     3 |       |    10 ||    13
       Scroll            |       |     9 |     3 ||    12
 Stab: Sleeping          |     2 |     5 |     1 ||     8
  Eat: Ration            |       |     2 |     2 ||     4
       Chunk             |       |       |     2 ||     2
Armor: Robe              |     3 |       |       ||     3
       Ring mail         |     2 |    59 |    31 ||    92
       Plate armour      |       |       |   145 ||   145
       Skin              |       |       |     7 ||     7
Dodge: Dodged            |    32 |    80 |   134 ||   246
